[Event "Titled Tuesday Blitz August 08 Early 2023"]
[White "Lakshmi C"]
[Black "McLaren, Brian"]
[WhiteFideId "25035347"]
[BlackFideId "2604612"]
[WhiteElo "2078"]
[BlackElo "2270"]
[Result "0-1"]
[Round "5"]
[TimeControl "180+1"]
[Date "2023.08.08"]
[WhiteClock "0:00:00"]
[BlackClock "0:01:13"]
[Board "237"]

1. e4 g6 2. d4 Bg7 3. Nf3 d6 4. c3 Nd7 5. Be2 e5 6. O-O Ne7 7. Qc2 O-O 8. Nbd2 c6 9. Nc4 Qc7 10. b3 Nb6 11. Ba3 Nxc4 12. Bxc4 Bg4 13. dxe5 dxe5 14. Qe2 Rfe8 15. h3 Bxf3 16. Qxf3 Rf8 17. Rfd1 h6 18. Bd6 Qd8 19. Bxe5 Qe8 20. Bxg7 Kxg7 21. e5 Ng8 22. Qf4 Qe7 23. Rd6 Rae8 24. e6 fxe6 25. Qe5+ Qf6 26. Rd7+ Rf7 27. Rxf7+ Kxf7 28. Qc7+ Re7 29. Qg3 h5 30. Re1 Nh6 31. Qd6 Nf5 32. Qb4 b6 33. Bd3 c5 34. Qc4 Nd6 0-1


[Site "https://www.chess.com"]

[Event "Titled Tuesday Blitz August 08 Early 2023"]
[White "Miguelitro69"]
[Black "Seifert, Henryk"]
[BlackFideId "1100963"]
[WhiteElo "2240"]
[BlackElo "2055"]
[Result "1-0"]
[Round "5"]
[TimeControl "180+1"]
[Date "2023.08.08"]
[WhiteClock "0:00:21"]
[BlackClock "0:00:00"]
[Board "238"]

1. e4 e6 2. Qe2 c5 3. Nf3 Nc6 4. g3 g6 5. Bg2 Bg7 6. O-O Nge7 7. c3 O-O 8. Rd1 d5 9. d3 b6 10. Nbd2 Ba6 11. c4 Re8 12. a3 Rc8 13. Rb1 Nd4 14. Nxd4 cxd4 15. b4 dxc4 16. Nxc4 Bxc4 17. dxc4 e5 18. f4 exf4 19. gxf4 Nf5 20. e5 Qh4 21. Bd5 Bh6 22. Qf3 Ne3 23. Bxe3 dxe3 24. Rd4 b5 25. Qxe3 g5 26. f5 Qh5 27. e6 f6 28. c5 g4 29. Qe4 1-0


[Site "https://www.chess.com"]

[Event "Titled Tuesday Blitz August 08 Early 2023"]
[White "Nikulina, Alena"]
[Black "Schut, Han"]
[WhiteFideId "4172051"]
[BlackFideId "1005561"]
[WhiteElo "2049"]
[BlackElo "2233"]
[Result "0-1"]
[Round "5"]
[TimeControl "180+1"]
[Date "2023.08.08"]
[WhiteClock "0:00:00"]
[BlackClock "0:00:38"]
[Board "239"]

1. e4 c5 2. Nf3 d6 3. d4 cxd4 4. Nxd4 Nf6 5. Nc3 g6 6. Be3 Bg7 7. f3 O-O 8. Bc4 Nc6 9. Qd2 Bd7 10. h4 Rc8 11. Bb3 Na5 12. g4 Nc4 13. Bxc4 Rxc4 14. Nde2 b5 15. h5 b4 16. Nd5 Nxd5 17. Qxd5 Rxc2 18. hxg6 hxg6 19. Bd4 Be6 20. Qg5 Rxe2+ 21. Kxe2 Bxd4 22. Qh6 Bc4+ 23. Kd2 Re8 24. Qh7+ Kf8 25. Qh6+ Bg7 26. Qe3 Qa5 27. b3 Be6 28. Rh7 Qc5 0-1


[Site "https://www.chess.com"]

[Event "Titled Tuesday Blitz August 08 Early 2023"]
[White "Mesfin, Leykun"]
[Black "Osiecki, Stanislaw"]
[WhiteFideId "15700097"]
[BlackFideId "1102990"]
[WhiteElo "2222"]
[BlackElo "2004"]
[Result "1/2-1/2"]
[Round "5"]
[TimeControl "180+1"]
[Date "2023.08.08"]
[WhiteClock "0:01:04"]
[BlackClock "0:00:49"]
[Board "240"]

1. e4 e6 2. d4 d5 3. Nc3 Bb4 4. e5 c5 5. a3 Bxc3+ 6. bxc3 Qc7 7. Bd2 Ne7 8. Nf3 O-O 9. Bd3 h6 10. O-O b6 11. Re1 Ba6 12. h3 Bxd3 13. cxd3 cxd4 14. cxd4 Nbc6 15. Be3 Nf5 16. Rc1 Qd7 17. Qd2 Na5 18. Rb1 Rfc8 19. Bf4 Nc6 20. Be3 Rc7 21. g4 Nxe3 22. Qxe3 Rac8 23. g5 h5 24. Kh2 g6 25. Rec1 Ne7 26. Rxc7 Qxc7 27. Nh4 Qc2 28. Rg1 Rc3 29. Rg3 Qb3 30. Rf3 Qxa3 31. Qf4 Nf5 32. Nxf5 exf5 33. e6 fxe6 34. Qb8+ Qf8 35. Qxa7 Qd8 36. h4 Qd6+ 37. Kg2 Qc7 38. Qa8+ Kg7 39. Qe8 Qf7 40. Qb5 Qc7 41. Qe8 Qf7 42. Qb5 Qc7 43. Qe8 1/2-1/2


[Site "https://www.chess.com"]

[Event "Titled Tuesday Blitz August 08 Early 2023"]
[White "abelmat"]
[Black "Clawitter, Craig"]
[BlackFideId "2023105"]
[WhiteElo "1916"]
[BlackElo "2207"]
[Result "0-1"]
[Round "5"]
[TimeControl "180+1"]
[Date "2023.08.08"]
[WhiteClock "0:00:16"]
[BlackClock "0:00:10"]
[Board "241"]

1. d4 e6 2. c4 Nf6 3. Nf3 d5 4. Nc3 c6 5. e3 Nbd7 6. Bd3 dxc4 7. Bxc4 b5 8. Bd3 Bd6 9. O-O O-O 10. e4 e5 11. Bg5 Re8 12. Rc1 Bb7 13. d5 cxd5 14. Bxb5 d4 15. Bxf6 Nxf6 16. Bxe8 dxc3 17. Qb3 Qxe8 18. Qxb7 Rb8 19. Qa6 cxb2 20. Rb1 Nxe4 21. Qd3 Qc6 22. h4 Nc3 23. Qc2 Qc4 24. Ng5 Ne2+ 25. Qxe2 Qxe2 26. Rfe1 Qxe1+ 27. Rxe1 b1=Q 28. Rxb1 Rxb1+ 29. Kh2 e4+ 30. Kh3 f5 31. Ne6 Rh1# 0-1


[Site "https://www.chess.com"]

[Event "Titled Tuesday Blitz August 08 Early 2023"]
[White "Grischuk, Alexander"]
[Black "Caruana, Fabiano"]
[WhiteFideId "4126025"]
[BlackFideId "2020009"]
[WhiteElo "3040"]
[BlackElo "3100"]
[Result "1/2-1/2"]
[Round "6"]
[TimeControl "180+1"]
[Date "2023.08.08"]
[WhiteClock "0:00:04"]
[BlackClock "0:00:08"]
[Board "1"]

1. d4 Nf6 2. c4 e6 3. Bg5 Bb4+ 4. Nd2 h6 5. Bh4 c5 6. a3 Bxd2+ 7. Qxd2 cxd4 8. Nf3 d5 9. cxd5 Qxd5 10. Qxd4 Nc6 11. Qc3 e5 12. Bxf6 gxf6 13. Rd1 Qe4 14. e3 Be6 15. Nd2 Qg6 16. Bd3 Qg7 17. Be4 Rc8 18. Nc4 O-O 19. Nd6 Rc7 20. O-O Kh8 21. g3 Bg4 22. f3 Be6 23. b4 Rd7 24. Nxb7 Rxb7 25. Bxc6 Rbb8 26. b5 Qg5 27. a4 h5 28. f4 Qg6 29. fxe5 f5 30. Qd4 Rg8 31. Qh4 Kh7 32. Rd4 Qh6 33. Qf4 Rg5 34. h4 Rg6 35. Qxh6+ Kxh6 36. Kf2 Rbg8 37. Rg1 Rc8 38. Rd6 Rg4 39. Rd4 Rg6 40. a5 a6 41. Rd2 axb5 42. Bxb5 Rc5 43. Be2 Rxa5 44. Rb1 Rxe5 45. Rb8 Kg7 46. Bxh5 Rh6 47. Bf3 Rc5 48. Rb6 Kf6 49. Rc6 Rxc6 50. Bxc6 Rh8 51. Bf3 Rc8 52. e4 fxe4 53. Bxe4 Kg7 54. Bf3 Rc5 55. g4 Rc4 56. Kg3 Rc3 57. Rd4 Rc4 58. Rd3 Rb4 59. Re3 Rb3 60. Rxb3 Bxb3 61. Kf4 Bc2 62. Be4 Bd1 63. Bf5 f6 64. Ke4 Bc2+ 65. Kd5 Bd1 66. Ke6 Bxg4 67. Bxg4 Kh8 68. Kf7 f5 69. Bxf5 1/2-1/2


[Site "https://www.chess.com"]

[Event "Titled Tuesday Blitz August 08 Early 2023"]
[White "Fedoseev, Vladimir"]
[Black "Aronian, Levon"]
[WhiteFideId "24130737"]
[BlackFideId "13300474"]
[WhiteElo "3093"]
[BlackElo "3037"]
[Result "1/2-1/2"]
[Round "6"]
[TimeControl "180+1"]
[Date "2023.08.08"]
[WhiteClock "0:00:10"]
[BlackClock "0:00:08"]
[Board "2"]

1. Nf3 c5 2. c4 Nc6 3. d4 cxd4 4. Nxd4 Nf6 5. Nc3 e6 6. a3 Be7 7. e4 O-O 8. Nf3 Qa5 9. Bd2 Qh5 10. h3 d5 11. g4 Nxg4 12. cxd5 exd5 13. Nh2 Nf6 14. Qxh5 Nxh5 15. Nxd5 Be6 16. Be2 Nf6 17. Nxe7+ Nxe7 18. f3 Ng6 19. Ng4 Nh5 20. Kf2 Nhf4 21. Bf1 Rad8 22. Bb4 Rfe8 23. Ne3 Nd3+ 24. Bxd3 Rxd3 25. h4 Nf4 26. Bc3 Nh3+ 27. Ke2 Nf4+ 28. Kf2 f5 29. Rag1 Re7 30. exf5 Bb3 31. Re1 Rdd7 32. h5 Nd3+ 33. Kg3 Nxe1 34. Rxe1 Bf7 35. Kf4 Bxh5 36. Rg1 g6 37. Nc4 Rf7 38. f6 Rc7 39. Nd6 Rxc3 40. bxc3 Rxf6+ 41. Ke5 Rxf3 42. c4 b6 43. Nb5 a6 44. Nd4 Rxa3 45. Rf1 Kg7 46. Ne6+ Kh6 47. Rf7 Rc3 48. Kd4 Rc1 49. Nf8 Be2 50. Rxh7+ Kg5 51. Rc7 b5 52. Rc5+ Kh6 53. cxb5 Rxc5 54. Kxc5 Bxb5 55. Ne6 Bd3 56. Nf4 Bc2 57. Nxg6 Kxg6 58. Kb4 Kf5 59. Kc3 Ke4 60. Kb2 Kd4 61. Kxc2 Kc4 62. Kb2 a5 63. Ka2 a4 64. Kb2 a3+ 65. Kxa3 1/2-1/2


[Site "https://www.chess.com"]

[Event "Titled Tuesday Blitz August 08 Early 2023"]
[White "Paravyan, David"]
[Black "Erigaisi Arjun"]
[WhiteFideId "4194985"]
[BlackFideId "35009192"]
[WhiteElo "3037"]
[BlackElo "3086"]
[Result "0-1"]
[Round "6"]
[TimeControl "180+1"]
[Date "2023.08.08"]
[WhiteClock "0:00:01"]
[BlackClock "0:00:03"]
[Board "3"]

1. e4 e6 2. d4 g6 3. h4 Nf6 4. e5 Nd5 5. c4 Nb6 6. Nc3 d6 7. Bg5 Be7 8. Bxe7 Qxe7 9. exd6 cxd6 10. h5 O-O 11. Qd2 Nc6 12. O-O-O e5 13. hxg6 fxg6 14. c5 dxc5 15. dxc5 Qxc5 16. Qh6 Qe7 17. Nf3 Bg4 18. Ng5 Bxd1 19. Nxh7 Bh5 20. Rxh5 gxh5 21. Bd3 Nb4 22. Be4 Qg7 23. Qxh5 Rxf2 24. Ng5 Qf6 25. Nh3 Rf1+ 26. Kd2 Rd8+ 27. Ke2 Nc4 28. Bf3 Rxf3 29. gxf3 Rd2+ 30. Kf1 Ne3+ 31. Ke1 Rh2 32. Qe8+ Kg7 33. Nf2 Rxf2 34. Kxf2 Ned5 35. Ne4 Nd3+ 36. Ke2 N3f4+ 37. Kd2 Qe7 38. Qc8 Nf6 39. a3 Nxe4+ 40. fxe4 Qd6+ 41. Kc1 Qc6+ 0-1


[Site "https://www.chess.com"]

[Event "Titled Tuesday Blitz August 08 Early 2023"]
[White "Pranesh M"]
[Black "Tabatabaei, M. Amin"]
[WhiteFideId "35028600"]
[BlackFideId "12521213"]
[WhiteElo "3056"]
[BlackElo "3019"]
[Result "1/2-1/2"]
[Round "6"]
[TimeControl "180+1"]
[Date "2023.08.08"]
[WhiteClock "0:00:36"]
[BlackClock "0:00:12"]
[Board "4"]

1. e4 c6 2. d4 d5 3. e5 Bf5 4. Nc3 e6 5. g4 Bg6 6. Nge2 c5 7. h4 h5 8. Nf4 Bh7 9. g5 Ne7 10. Qxh5 Nbc6 11. Nb5 g6 12. Nd6+ Qxd6 13. exd6 gxh5 14. dxe7 Bxe7 15. dxc5 Nd4 16. Bd3 Bxd3 17. cxd3 Bxc5 18. Kd1 Kd7 19. Be3 Rac8 20. Rc1 Bb6 21. Rxc8 Kxc8 22. g6 fxg6 23. Nxg6 Rh7 24. Rg1 Nf5 25. Bxb6 axb6 26. Rg5 Rg7 27. Nf4 Rxg5 28. hxg5 h4 29. Ke2 Kd7 30. Kf3 e5 31. Nxd5 h3 32. Ne3 Nh4+ 33. Kg3 h2 34. Kxh2 Nf3+ 35. Kg3 Nxg5 36. Kg4 Ne6 37. Nc4 Kc6 38. Kf5 Nc5 39. Nxe5+ Kd5 40. f4 b5 41. b4 Na4 42. Kg6 Nc3 43. Ng4 Nxa2 44. f5 Nxb4 45. f6 Nxd3 46. Ne3+ Ke6 47. Kg7 Ne5 48. Ng4 Nf7 49. Nf2 Nd6 50. Kg6 b4 51. Nd3 b3 52. Nc5+ Kd5 53. Nxb3 b5 54. Na5 b4 55. f7 Nxf7 56. Kxf7 Kc5 57. Ke6 Kb5 58. Nb3 Kc4 59. Na5+ Kb5 60. Nb3 Ka4 61. Nc5+ Ka3 62. Kd5 b3 63. Nd3 Ka2 64. Kc4 Ka3 65. Kc3 b2 66. Nxb2 1/2-1/2


[Site "https://www.chess.com"]

[Event "Titled Tuesday Blitz August 08 Early 2023"]
[White "Firouzja, Alireza"]
[Black "Martinez Alcantara, Jose Eduardo"]
[WhiteFideId "12573981"]
[BlackFideId "3805662"]
[WhiteElo "3094"]
[BlackElo "3026"]
[Result "1/2-1/2"]
[Round "6"]
[TimeControl "180+1"]
[Date "2023.08.08"]
[WhiteClock "0:00:18"]
[BlackClock "0:00:19"]
[Board "5"]

1. e4 c5 2. Nf3 d6 3. d4 cxd4 4. Nxd4 Nf6 5. Nc3 a6 6. Bc4 e6 7. Bb3 b5 8. f3 h5 9. Be3 Be7 10. Qd2 Bd7 11. a3 Nc6 12. Nxc6 Bxc6 13. O-O Rc8 14. Rad1 O-O 15. Kh1 Qc7 16. Bg5 a5 17. Ne2 d5 18. e5 Qxe5 19. Bf4 Qxb2 20. Ra1 Nd7 21. Nd4 Nc5 22. Qe3 Nxb3 23. cxb3 Bd7 24. Be5 Bc5 25. Bxg7 Kxg7 26. Qg5+ Kh7 27. Qxh5+ Kg8 28. Qg5+ Kh7 29. Qh5+ Kg8 30. Qg5+ Kh7 31. Qh5+ 1/2-1/2


[Site "https://www.chess.com"]

[Event "Titled Tuesday Blitz August 08 Early 2023"]
[White "Lazavik, Denis"]
[Black "Kazakouski, Valery"]
[WhiteFideId "13515110"]
[BlackFideId "13507443"]
[WhiteElo "3043"]
[BlackElo "2900"]
[Result "1-0"]
[Round "6"]
[TimeControl "180+1"]
[Date "2023.08.08"]
[WhiteClock "0:00:06"]
[BlackClock "0:00:00"]
[Board "6"]

1. d4 Nf6 2. c4 e6 3. Nc3 Bb4 4. e3 b6 5. Ne2 Ba6 6. a3 Bxc3+ 7. Nxc3 d5 8. b3 O-O 9. Be2 dxc4 10. bxc4 Nc6 11. O-O Na5 12. Qa4 Qd7 13. Nb5 c6 14. Nc3 c5 15. dxc5 Qxa4 16. Nxa4 Bxc4 17. Bxc4 Nxc4 18. cxb6 axb6 19. Nc3 Rfc8 20. a4 Nd7 21. Rd1 Nc5 22. Kf1 h5 23. Ke2 Nb3 24. Rb1 Nca5 25. Bb2 Rc4 26. Rd6 Rac8 27. Rxb6 Rxc3 28. Bxc3 Rxc3 29. Rb2 Nc5 30. R2b5 Nab3 31. a5 Rc2+ 32. Kd1 Rd2+ 33. Ke1 Nd3+ 34. Kf1 Rxf2+ 35. Kg1 Nbc1 36. h4 g6 37. a6 Ra2 38. Rd6 Ne2+ 39. Kh2 Ne1 40. Rb7 Nc3 41. Rd8+ Kg7 42. Rdd7 Rxg2+ 43. Kh1 Rf2 44. a7 Ne2 45. Rxf7+ Rxf7 46. Rxf7+ Kxf7 47. a8=Q Ng3+ 48. Kh2 Nf5 49. e4 1-0


[Site "https://www.chess.com"]

[Event "Titled Tuesday Blitz August 08 Early 2023"]
[White "Matlakov, Maxim"]
[Black "Galchenko, Matvey"]
[WhiteFideId "4168003"]
[BlackFideId "24175480"]
[WhiteElo "2993"]
[BlackElo "2887"]
[Result "1-0"]
[Round "6"]
[TimeControl "180+1"]
[Date "2023.08.08"]
[WhiteClock "0:00:08"]
[BlackClock "0:00:00"]
[Board "7"]

1. d4 Nf6 2. Nf3 c5 3. d5 b5 4. e4 Nxe4 5. Bd3 Nf6 6. Bxb5 g6 7. O-O Bg7 8. Re1 O-O 9. c4 e6 10. Nc3 exd5 11. Nxd5 a6 12. Ba4 Bb7 13. Bg5 Bxd5 14. cxd5 h6 15. Bh4 d6 16. Nd2 Nbd7 17. Bxd7 Qxd7 18. Qf3 g5 19. Bg3 Qb7 20. Bxd6 Rfd8 21. Be7 g4 22. Qe2 Rxd5 23. Bxf6 Bxf6 24. Ne4 Qxb2 25. Qxg4+ Bg7 26. Rab1 h5 27. Qf3 Qxa2 28. Rbd1 Rad8 29. Rc1 a5 30. h4 a4 31. Ng5 1-0


[Site "https://www.chess.com"]

[Event "Titled Tuesday Blitz August 08 Early 2023"]
[White "Isanzhulov, Arystan"]
[Black "Le, Tuan Minh"]
[WhiteFideId "13711644"]
[BlackFideId "12401153"]
[WhiteElo "2876"]
[BlackElo "2971"]
[Result "0-1"]
[Round "6"]
[TimeControl "180+1"]
[Date "2023.08.08"]
[WhiteClock "0:00:17"]
[BlackClock "0:01:11"]
[Board "8"]

1. e4 e5 2. Nf3 Nc6 3. Nc3 Nf6 4. d4 exd4 5. Nxd4 Bc5 6. Be3 Bb6 7. Qd2 d6 8. f3 O-O 9. O-O-O Nxd4 10. Bxd4 Be6 11. g4 Nd7 12. h4 Ne5 13. Be2 Nc6 14. Be3 Re8 15. f4 Ba5 16. g5 Bxa2 17. Qd3 Bxc3 18. Qxc3 Rxe4 19. Bf3 Rc4 20. Qa3 Nb4 21. c3 a5 22. Rhe1 c5 23. Be2 Re4 24. cxb4 axb4 25. Rxd6 bxa3 26. Rxd8+ Rxd8 27. Bf1 Rde8 28. Kd2 Rxe3 29. Rxe3 Rxe3 30. Kxe3 axb2 0-1


[Site "https://www.chess.com"]

[Event "Titled Tuesday Blitz August 08 Early 2023"]
[White "Krzyzanowski, Marcin"]
[Black "Sjugirov, Sanan"]
[WhiteFideId "1132199"]
[BlackFideId "4189302"]
[WhiteElo "2797"]
[BlackElo "2933"]
[Result "1/2-1/2"]
[Round "6"]
[TimeControl "180+1"]
[Date "2023.08.08"]
[WhiteClock "0:00:02"]
[BlackClock "0:00:04"]
[Board "9"]

1. Nf3 Nf6 2. c4 b6 3. g3 Bb7 4. Bg2 c5 5. O-O g6 6. Nc3 Bg7 7. d4 cxd4 8. Nxd4 Bxg2 9. Kxg2 Qc8 10. Qd3 O-O 11. b3 Nc6 12. Bb2 Qb7 13. Nxc6 dxc6 14. Rad1 Qc7 15. Ba1 Rad8 16. Qf3 h5 17. h3 Qc8 18. Ne4 Nxe4 19. Qxe4 Bxa1 20. Rxa1 e6 21. Rad1 Rd7 22. Rxd7 Qxd7 23. g4 hxg4 24. hxg4 Rd8 25. e3 c5 26. Rh1 Qd6 27. g5 Qf8 28. Qb7 Qg7 29. Qe7 Rf8 30. Qxa7 Qe5 31. Qe7 Qe4+ 32. f3 Qxe3 33. Rh8+ Kxh8 34. Qxf8+ Kh7 35. Qxf7+ Kh8 36. Qf8+ Kh7 37. Qh6+ Kg8 38. Qxg6+ Kf8 39. Qf6+ Kg8 40. g6 Qe2+ 41. Kg3 Qe1+ 42. Kg4 Qg1+ 43. Kh5 Qh2+ 44. Kg4 Qg2+ 45. Kf4 Qh2+ 46. Ke4 Qe2+ 47. Kf4 Qh2+ 48. Kg4 Qg2+ 49. Kf4 Qh2+ 1/2-1/2


[Site "https://www.chess.com"]

[Event "Titled Tuesday Blitz August 08 Early 2023"]
[White "Fantastic_Power"]
[Black "Carlsen, Magnus"]
[BlackFideId "1503014"]
[WhiteElo "2810"]
[BlackElo "3243"]
[Result "0-1"]
[Round "6"]
[TimeControl "180+1"]
[Date "2023.08.08"]
[WhiteClock "0:00:13"]
[BlackClock "0:02:02"]
[Board "10"]

1. e4 d5 2. exd5 Nf6 3. Nf3 Qxd5 4. d4 Bg4 5. Nc3 Qa5 6. h3 Bh5 7. Bd2 c6 8. Bc4 e6 9. O-O Nbd7 10. Qe2 Qc7 11. Rfe1 Bd6 12. Bd3 O-O-O 13. a4 Bh2+ 14. Kh1 Bf4 15. Be3 Nd5 16. Nxd5 exd5 17. g4 Bg6 18. Qd2 Bd6 19. Kg2 Nf6 20. Ne5 Ne4 21. Bxe4 dxe4 22. Qc3 f6 23. Nxg6 hxg6 24. Qc4 Kb8 25. a5 a6 26. c3 f5 27. d5 c5 28. b4 f4 29. Bxc5 f3+ 30. Kg1 Rxh3 31. Qxe4 Bxc5 0-1


[Site "https://www.chess.com"]

[Event "Titled Tuesday Blitz August 08 Early 2023"]
[White "Materia, Marco"]
[Black "Sarana, Alexey"]
[WhiteFideId "45150451"]
[BlackFideId "24133795"]
[WhiteElo "2746"]
[BlackElo "3084"]
[Result "0-1"]
[Round "6"]
[TimeControl "180+1"]
[Date "2023.08.08"]
[WhiteClock "0:00:00"]
[BlackClock "0:00:07"]
[Board "11"]

1. d4 Nf6 2. c4 e6 3. Nf3 d5 4. Nc3 c6 5. Bg5 h6 6. Bxf6 Qxf6 7. e3 Nd7 8. Bd3 dxc4 9. Bxc4 Bd6 10. O-O Bc7 11. e4 e5 12. d5 Nb6 13. Bb3 Bg4 14. h3 Bh5 15. Rc1 Rd8 16. Qe2 O-O 17. Rfd1 Bd6 18. dxc6 bxc6 19. Qe3 Bb4 20. Ne2 Rxd1+ 21. Rxd1 Rc8 22. Ng3 Bxf3 23. Qxf3 Qxf3 24. gxf3 g6 25. Nf1 Rc7 26. Ne3 Kg7 27. Kf1 Bc5 28. Ke2 Bd4 29. Rd2 Kf6 30. Ng4+ Kg5 31. h4+ Kh5 32. Rd1 f5 33. Nf6+ Kxh4 34. Rg1 c5 35. Rxg6 c4 36. Bc2 f4 37. Rg4+ Kh3 38. Kf1 Rc6 39. Rg6 Kh4 40. Rg4+ Kh3 41. Nh7 Rd6 42. Rg1 Bxf2 43. Rg8 Be3 44. Nf8 Rd2 45. Bb1 Rxb2 46. Rg5 Rxb1+ 47. Ke2 Rb2+ 0-1


[Site "https://www.chess.com"]

[Event "Titled Tuesday Blitz August 08 Early 2023"]
[White "Jaracz, Pawel"]
[Black "Andreikin, Dmitry"]
[WhiteFideId "1102222"]
[BlackFideId "4158814"]
[WhiteElo "2744"]
[BlackElo "2994"]
[Result "0-1"]
[Round "6"]
[TimeControl "180+1"]
[Date "2023.08.08"]
[WhiteClock "0:00:04"]
[BlackClock "0:00:06"]
[Board "12"]

1. e4 c5 2. Nf3 e6 3. d4 cxd4 4. Nxd4 Nc6 5. Nc3 a6 6. Nb3 b5 7. Bd3 Bb7 8. O-O Nf6 9. Qe2 d6 10. f4 h5 11. Kh1 Ng4 12. a4 bxa4 13. Rxa4 Qh4 14. g3 Qh3 15. Qg2 Qxg2+ 16. Kxg2 Be7 17. Bd2 O-O 18. Rfa1 Rfb8 19. h3 Nf6 20. Ne2 d5 21. e5 Ne4 22. Be1 h4 23. gxh4 f6 24. exf6 gxf6 25. Bxa6 Bxa6 26. Rxa6 Rxa6 27. Rxa6 Rc8 28. Nbd4 Nxd4 29. Nxd4 Bd6 30. c3 Kf7 31. f5 exf5 32. Nxf5 Be5 33. h5 Rb8 34. Ra7+ Ke6 35. Ng7+ Kd6 36. Nf5+ Ke6 37. Ng7+ Kd6 38. Ra6+ Kd7 39. Ra2 Rh8 40. Kf3 Rh7 41. Ra7+ Kc6 42. h6 Rxh6 43. Kg4 Rg6+ 44. Kf5 Rg2 45. Ne6 Nd6# 0-1


[Site "https://www.chess.com"]

[Event "Titled Tuesday Blitz August 08 Early 2023"]
[White "Kramnik, Vladimir"]
[Black "Fiorito, Joaquin"]
[WhiteFideId "4101588"]
[BlackFideId "180173"]
[WhiteElo "2991"]
[BlackElo "2740"]
[Result "1-0"]
[Round "6"]
[TimeControl "180+1"]
[Date "2023.08.08"]
[WhiteClock "0:00:56"]
[BlackClock "0:00:38"]
[Board "13"]

1. e4 c6 2. d4 d5 3. Nd2 dxe4 4. Nxe4 Nf6 5. Nxf6+ exf6 6. c3 Bd6 7. Bd3 O-O 8. Ne2 Re8 9. O-O Nd7 10. Ng3 g6 11. Bh6 f5 12. Qd2 Nf6 13. Rfe1 Ng4 14. Bg5 Be7 15. Rxe7 Rxe7 16. h3 f6 17. Bf4 g5 18. hxg4 gxf4 19. Qxf4 fxg4 20. Nh5 Be6 21. Re1 Kh8 22. Qxf6+ 1-0


[Site "https://www.chess.com"]

[Event "Titled Tuesday Blitz August 08 Early 2023"]
[White "Demidov, Mikhail"]
[Black "Shyam, Sundar M."]
[WhiteFideId "4197143"]
[BlackFideId "5019141"]
[WhiteElo "2957"]
[BlackElo "2728"]
[Result "1-0"]
[Round "6"]
[TimeControl "180+1"]
[Date "2023.08.08"]
[WhiteClock "0:01:47"]
[BlackClock "0:01:24"]
[Board "14"]

1. Nf3 Nf6 2. g3 g6 3. b3 Bg7 4. Bb2 b5 5. e4 d6 6. Bxb5+ c6 7. Bf1 O-O 8. d3 e5 9. Bg2 Nh5 10. O-O f5 11. Nbd2 f4 12. d4 Bg4 13. dxe5 dxe5 14. Nc4 Nd7 15. Qd3 Qe8 16. Rad1 Rd8 17. Qd6 Rf6 18. Qc7 Re6 19. Nd6 Qf8 20. Nb7 1-0


[Site "https://www.chess.com"]

[Event "Titled Tuesday Blitz August 08 Early 2023"]
[White "Indjic, Aleksandar"]
[Black "Volkov, Maksim"]
[WhiteFideId "911925"]
[BlackFideId "54123070"]
[WhiteElo "2931"]
[BlackElo "2725"]
[Result "1-0"]
[Round "6"]
[TimeControl "180+1"]
[Date "2023.08.08"]
[WhiteClock "0:01:01"]
[BlackClock "0:00:36"]
[Board "15"]

1. e4 c5 2. Nf3 d6 3. d4 cxd4 4. Nxd4 Nf6 5. Nc3 a6 6. Bc4 e6 7. Bb3 b5 8. a3 Be7 9. g4 Qb6 10. g5 Nfd7 11. Bxe6 fxe6 12. Nxe6 Nc5 13. Nd5 Qb7 14. Nxg7+ Kf7 15. Nf5 Bxf5 16. exf5 Re8 17. O-O Nc6 18. Qh5+ Kg8 19. g6 Bf8 20. Nf6+ Kh8 21. Nxh7 Nd4 22. f3 Bg7 23. Nf6+ 1-0


[Site "https://www.chess.com"]

[Event "Titled Tuesday Blitz August 08 Early 2023"]
[White "Alekseev, Evgeny"]
[Black "Yanchenko, Roman"]
[WhiteFideId "4138147"]
[BlackFideId "4137329"]
[WhiteElo "2929"]
[BlackElo "2725"]
[Result "1-0"]
[Round "6"]
[TimeControl "180+1"]
[Date "2023.08.08"]
[WhiteClock "0:00:37"]
[BlackClock "0:00:11"]
[Board "16"]

1. e4 e6 2. d4 d5 3. Nc3 Bb4 4. e5 Ne7 5. a3 Bxc3+ 6. bxc3 b6 7. Nh3 Ba6 8. Bxa6 Nxa6 9. Nf4 Nb8 10. Nh5 Kf8 11. O-O c5 12. f4 g6 13. Nf6 Ng8 14. f5 gxf5 15. Bg5 Qc7 16. Qh5 h6 17. Nxd5 Qb7 18. Nf6 cxd4 19. cxd4 Nd7 20. Nxg8 Rxg8 21. Qxh6+ Ke8 22. h4 Rc8 23. Rf2 Qe4 24. Qh7 Rg6 25. Rd1 Rxc2 26. Rxc2 Qxc2 27. Rc1 Nf8 28. Qh8 Qe4 29. Rc8+ Kd7 30. Qxf8 Qxd4+ 31. Kh1 Qa1+ 32. Kh2 Qxe5+ 33. Kh3 Rxg5 34. Qd8# 1-0


[Site "https://www.chess.com"]

[Event "Titled Tuesday Blitz August 08 Early 2023"]
[White "Akobian, Varuzhan"]
[Black "Zakhartsov, Vladimir"]
[WhiteFideId "13300580"]
[BlackFideId "4145097"]
[WhiteElo "2722"]
[BlackElo "2913"]
[Result "0-1"]
[Round "6"]
[TimeControl "180+1"]
[Date "2023.08.08"]
[WhiteClock "0:00:00"]
[BlackClock "0:00:15"]
[Board "17"]

1. d4 Nf6 2. Nf3 c5 3. d5 b5 4. Bg5 Ne4 5. Bf4 Bb7 6. Qd3 Nf6 7. e4 c4 8. Qd4 a6 9. Nc3 d6 10. a4 e5 11. dxe6 fxe6 12. e5 Nc6 13. Qd2 dxe5 14. Qxd8+ Rxd8 15. Nxe5 Bb4 16. Nxc6 Bxc6 17. axb5 axb5 18. Bd2 O-O 19. f3 Ra8 20. Rd1 Bc5 21. Be2 b4 22. Nb1 Bd5 23. Bc1 Ra2 24. Nd2 c3 25. bxc3 bxc3 26. Nb3 Bb6 27. Nd4 Bxd4 28. Rxd4 Rxc2 29. Be3 Ra8 30. Kf2 Raa2 31. Re1 Rcb2 32. Kf1 c2 33. Bd3 Rb3 34. Kg1 Raa3 35. Bxc2 Rxe3 36. Rxe3 Rxe3 37. Kf2 Ra3 38. Rd2 Ra2 39. Ke3 g6 40. h4 Kg7 41. Bd3 Rxd2 42. Kxd2 e5 43. Ke3 Nd7 44. f4 exf4+ 45. Kxf4 Bxg2 46. h5 gxh5 47. Kg5 Nf6 48. Be2 Bd5 49. Bd3 Bf7 50. Be2 Bg6 51. Bf3 h6+ 52. Kh4 Nd7 53. Be2 Ne5 54. Bd1 Kf6 55. Be2 Nf7 56. Bd1 Nd6 57. Be2 Nf5+ 58. Kh3 Kg5 59. Bd3 h4 60. Be4 Bh5 61. Bd3 Bg4+ 62. Kh2 Nd4 63. Be4 Kf4 64. Bd3 Nf3+ 65. Kg2 h3+ 66. Kf2 Ng5 67. Bf1 Bf3 0-1


[Site "https://www.chess.com"]

[Event "Titled Tuesday Blitz August 08 Early 2023"]
[White "Demchenko, Anton"]
[Black "Alex_Sahakyan2006"]
[WhiteFideId "4160258"]
[WhiteElo "2905"]
[BlackElo "2719"]
[Result "0-1"]
[Round "6"]
[TimeControl "180+1"]
[Date "2023.08.08"]
[WhiteClock "0:00:01"]
[BlackClock "0:00:24"]
[Board "18"]

1. e4 e5 2. Nf3 Nc6 3. Bc4 Nf6 4. d3 Bc5 5. O-O O-O 6. h3 d6 7. c3 a5 8. Nbd2 a4 9. Bb5 Bd7 10. Bxa4 Rxa4 11. Qxa4 Nb4 12. Qd1 Nxd3 13. Nb3 Nxf2 14. Rxf2 Bxf2+ 15. Kxf2 Nxe4+ 16. Kg1 Qf6 17. Qe1 d5 18. Be3 Bxh3 19. Qh4 Qxh4 20. Nxh4 Be6 21. Nf3 f6 22. Nc5 Nxc5 23. Bxc5 Ra8 24. b4 Ra3 25. Rc1 Rxa2 26. Re1 Kf7 27. Bf2 Bf5 28. Rc1 Be4 29. Be1 g5 30. Nd2 Bd3 31. Nf1 h5 32. Rd1 Be4 33. Nd2 Bc2 34. Rc1 Ke6 35. g3 Kf5 36. Kf2 Kg4 37. Ke3 f5 38. Bf2 Be4 39. Ke2 Bf3+ 40. Ke1 f4 41. gxf4 gxf4 42. c4 d4 43. Rb1 d3 44. Bc5 e4 45. Nxf3 Kxf3 46. Bd4 Rh2 47. Rb2 Rxb2 48. Bxb2 h4 49. Be5 h3 50. Bxc7 h2 0-1


[Site "https://www.chess.com"]